 Dungeon Crawl Stone Soup version 0.31.0-11-ge490571c62 (webtiles) character file.

Game seed: 9485043546133761533

8371 Curundu the Cleaver (level 11, -3/97 HPs)
             Began as a Minotaur Berserker on Feb 5, 2024.
             Was a Priest of Trog.
             Slain by a skeletal warrior
             ... wielding a +0 morningstar
              (20 damage)
             ... on level 10 of the Dungeon.
             The game lasted 00:30:04 (9719 turns).

Curundu the Cleaver (Minotaur Berserker)            Turns: 9719, Time: 00:30:04

Health: -3/97      AC: 17    Str: 26    XL:     11   Next: 9%
Magic:  10/10      EV: 14    Int:  4    God:    Trog [***...]
Gold:   525        SH:  5    Dex: 10    Spells: 10/10 levels left

rFire   . . .        r - +0 war axe (freeze)
rCold   . . .        (no shield)
rNeg    . . .        u - +0 plate armour
rPois   .            (helmet restricted)
rElec   .            (no cloak)
rCorr   .            b - +1 pair of gloves
SInv    .            (no boots)
Will    ++...        h - amulet of reflection Stlth
                     k - +5 ring of evasion
HPRegen 1.36/turn    (no ring)
MPRegen 0.12/turn

%: reflection
@: strong-willed, regenerating
A: horns 2, retaliatory headbutt
a: Renounce Religion, Berserk, Trog's Hand


You were on level 10 of the Dungeon.
You worshipped Trog.
Trog was most pleased with you.
You visited 1 branch of the dungeon, and saw 11 of its levels.

You collected 525 gold pieces.

Inventory:

Hand Weapons
 r - a +0 war axe of freezing (weapon)
 x - a +0 scimitar of flaming
Missiles
 e - a javelin
 v - 14 boomerangs (quivered)
Armour
 b - a +1 pair of gloves (worn)
 u - a +0 plate armour (worn)
 y - a +0 pair of boots
Jewellery
 h - an amulet of reflection (around neck)
 k - a +5 ring of evasion (left hand)
 o - an amulet of guardian spirit
 w - a +6 ring of intelligence
Wands
 d - a wand of roots (22)
Scrolls
 c - 5 scrolls of teleportation
 n - 4 scrolls of identify
 p - a scroll of noise {unknown}
 s - a scroll of amnesia {unknown}
 t - 3 scrolls of blinking
 B - 3 scrolls of enchant armour
Potions
 f - 2 potions of berserk rage {unknown}
 g - 6 potions of enlightenment
 i - a potion of heal wounds {unknown}
 j - 2 potions of curing {unknown}
 l - 2 potions of attraction {unknown}
 m - 2 potions of cancellation {unknown}
 q - 2 potions of brilliance
 z - a potion of haste {unknown}
 A - a potion of might {unknown}


   Skills:
 + Level 9.2 Fighting
 + Level 13.5 Axes
 - Level 0.3 Throwing
 * Level 11.8 Armour
 + Level 5.1 Dodging
 + Level 4.3 Shields


You had 10 spell levels left.
You didn't know any spells.
Your spell library was empty.

Dungeon Overview and Level Annotations

Branches:
Dungeon (11/15)            Temple (0/1) D:5            Lair (0/5) D:10
    Orc (0/2) D:10

Altars:
Cheibriados
Dithmenos
Gozag
Makhleb
Sif Muna
Uskayaw
Xom

Shops:
D:2 !   D:5 !


Innate Abilities, Weirdness & Mutations

You have a pair of horns on your head.
You reflexively headbutt those who attack you in melee.


Message History

You see here a +0 mace.
You feel a strong urge to attack something.
There is a stone staircase leading down, spattered with blood here.
You are no longer berserk.
You are exhausted.
You feel yourself slow down.
You start resting.
You feel the effects of Trog's Hand fading.
You start resting.
Your skin stops crawling.
You feel less strong-willed.
You start resting.
You feel your willpower return.
You start resting.
You feel yourself speed up.
You start resting.
You recover from your berserk rage.
You start resting.
HP restored.
You climb downwards.
The skeletal warrior closely misses you.
You furiously retaliate!
You headbutt the skeletal warrior!
The skeletal warrior hits you with a +0 morningstar!
There is a stone staircase leading up, spattered with blood here.
The skeletal warrior hits you with a +0 dire flail!!
The skeletal warrior hits you with a +0 morningstar!
You climb upwards.
There is a stone staircase leading down, spattered with blood here.
Your skin crawls.
You feel strong-willed.
The skeletal warrior hits you with a +0 morningstar!
You block the skeletal warrior's attack.
You hit the skeletal warrior but do no damage.
You hit the skeletal warrior.
The skeletal warrior hits you with a +0 morningstar!!
* * * LOW HITPOINT WARNING * * *
The skeletal warrior hits you with a +0 dire flail.
* * * LOW HITPOINT WARNING * * *
You hit the skeletal warrior but do no damage. x2
The skeletal warrior hits you with a +0 morningstar!!
You die...

.......#.##.####.###.............
................[...........##.##
.###..##.#.....#.###...........##
.........#.....#.# #.#.#....#####
.##...##.#.....#.# #...#....# #
............)..#.###.###....#####
.##............................##
###############..................
#......>......##@###.###...#####.
#.............#zz....# #.(.......
#...⌠.._..⌠...######.###..######.
#..)))........######......######.
#.)))).8......#...............##.
##8)8#####8'8##.....#.##.####.##.
.................................
.#.....#....#########.#.......##.
............##.# #.#..........


You could see 2 skeletal warriors.

Vanquished Creatures
  Erica (D:9)
  A skeletal warrior (D:10)
  A kobold demonologist (D:10)
  Maggie (D:7)
  Jeremiah (D:6)
  A troll (D:9)
  Prince Ribbit (D:7)
  Grinder (D:3)
  2 vampires (D:10)
  A wraith (D:10)
  A wyvern (D:10)
  9 yaks
  A steam dragon (D:8)
  2 acid dragons
  Duvessa (D:4)
  2 water moccasins
  9 orc warriors
  A sky beast (D:7)
  A black bear (D:5)
  An ogre (D:6)
  2 wolves (D:10)
  3 centaurs
  A bullfrog (D:7)
  5 scorpions
  3 wights (D:7)
  5 killer bees (D:9)
  Dowan (D:4)
  2 bombardier beetles
  2 howler monkeys (D:7)
  3 jellies
  8 orc priests
  2 hounds
  A sleepcap (D:4)
  Ijyb (D:4)
  3 iguanas (D:5)
  6 orc wizards
  7 adders
  2 white imps
  8 dart slugs
  2 ribbon worms (D:2)
  59 orcs
  7 ball pythons
  5 endoplasms
  6 giant cockroaches
  11 goblins
  9 hobgoblins
  8 kobolds
  8 quokkas
  5 bats
  3 frilled lizards
  4 rats
231 creatures vanquished.

Vanquished Creatures (others)
  An orc (D:9)
1 creature vanquished.

Grand Total: 232 creatures vanquished

Notes
Turn   | Place    | Note
-------+----------+-------------------------------------------
     0 | D:1      | Curundu the Minotaur Berserker began the quest for the Orb.
     0 | D:1      | Reached XP level 1. HP: 19/19 MP: 0/0
   142 | D:1      | Reached XP level 2. HP: 25/27 MP: 1/1
   244 | D:1      | Reached skill level 4 in Axes
   923 | D:2      | Reached XP level 3. HP: 33/33 MP: 2/2
   988 | D:2      | Reached ** piety under Trog
  1471 | D:2      | Found Igesoarae's Distillery.
  1649 | D:3      | Reached XP level 4. HP: 41/41 MP: 3/3
  1678 | D:3      | Noticed Grinder
  1694 | D:3      | Killed Grinder
  1695 | D:3      | Reached skill level 5 in Fighting
  1695 | D:3      | Reached skill level 5 in Axes
  1695 | D:3      | Reached XP level 5. HP: 16/48 MP: 4/4
  1695 | D:3      | Reached XP level 6. HP: 18/56 MP: 5/5
  1928 | D:3      | Found a faded altar of an unknown god.
  2007 | D:3      | Reached skill level 1 in Shields
  2635 | D:4      | Reached skill level 6 in Axes
  2835 | D:4      | Reached *** piety under Trog
  2878 | D:4      | Noticed Ijyb
  2884 | D:4      | Killed Ijyb
  2987 | D:4      | Noticed Duvessa
  3003 | D:4      | Killed Duvessa
  3004 | D:4      | Reached XP level 7. HP: 18/61 MP: 6/6
  3004 | D:4      | Noticed Dowan
  3012 | D:4      | Killed Dowan
  3018 | D:4      | Reached skill level 5 in Armour
  3128 | D:4      | Reached skill level 7 in Axes
  3666 | D:5      | Entered Level 5 of the Dungeon
  4005 | D:5      | Found Dianohao's Distillery.
  4018 | D:5      | Reached XP level 8. HP: 42/70 MP: 7/7
  4144 | D:5      | Reached skill level 8 in Axes
  4157 | D:5      | Found a shimmering blue altar of Sif Muna.
  4259 | D:5      | Found a staircase to the Ecumenical Temple.
  4583 | D:6      | Found a shimmering altar of Xom.
  4594 | D:6      | Found a snail-covered altar of Cheibriados.
  4597 | D:6      | Found an opulent altar of Gozag.
  4605 | D:6      | Found a shadowy altar of Dithmenos.
  4745 | D:6      | Noticed Jeremiah
  4834 | D:7      | Noticed Maggie
  4845 | D:7      | Killed Maggie
  4846 | D:7      | Reached skill level 9 in Axes
  4977 | D:6      | Killed Jeremiah
  4978 | D:6      | Reached XP level 9. HP: 58/78 MP: 8/8
  5442 | D:7      | Reached skill level 10 in Axes
  5727 | D:7      | Reached skill level 11 in Axes
  5854 | D:7      | Found a burning altar of Makhleb.
  6092 | D:7      | Noticed Prince Ribbit
  6104 | D:7      | Killed Prince Ribbit
  6722 | D:8      | Reached XP level 10. HP: 85/88 MP: 9/9
  6886 | D:9      | Noticed Erica
  6898 | D:9      | Killed Erica
  6899 | D:9      | Reached skill level 12 in Axes
  6899 | D:9      | Reached skill level 10 in Armour
  7279 | D:9      | Reached skill level 5 in Dodging
  7605 | D:9      | Reached **** piety under Trog
  8258 | D:10     | Entered Level 10 of the Dungeon
  8318 | D:10     | Noticed a rust devil
  8319 | D:10     | Noticed a soul eater
  8622 | D:10     | Reached skill level 13 in Axes
  8636 | D:10     | Found a staircase to the Orcish Mines.
  8823 | D:10     | Identified the +0 chain mail of the Land of Plenty {-Cast
                  | rPois Dex+7}
  8847 | D:10     | Found a staircase to the Lair.
  9138 | D:10     | Reached XP level 11. HP: 87/97 MP: 10/10
  9418 | D:10     | Found a hide-covered altar of Uskayaw.
  9580 | D:11     | Noticed a skeletal warrior
  9580 | D:11     | Noticed a skeletal warrior
  9580 | D:11     | Noticed a skeletal warrior
  9580 | D:11     | Noticed a skeletal warrior
  9580 | D:11     | Noticed a skeletal warrior
  9603 | D:10     | Killed a skeletal warrior
  9719 | D:10     | Slain by a skeletal warrior

Illustrated notes

Levels and vault maps discovered:
D:1:      onia_arrival_mini_spirals, layout_basic, eino_curves_01
D:2:      layout_basic, serial_shops, shop, grunt_decor_cap,
          minmay_large_rounded_square
D:3:      layout_loops_ring, shapermc_ecumenical_altar_pompeii,
          grunt_decor_one_mirror, uniq_grinder
D:4:      kennysheep_slugbush, layout_gridville, uniq_duvessa, uniq_ijyb
D:5:      layout_basic, nicolae_sif_muna_little_library, temple_pool_b,
          serial_shops, shop, sigmund_army
D:6:      layout_rooms, grunt_temple_overflow_cloverleaf, uniq_jeremiah
D:7:      layout_gridville, lemuel_crystal_altar, uniq_prince_ribbit1,
          uniq_maggie
D:8:      minmay_octagon_keep, layout_basic, gammafunk_ghost_hydra_chop,
          serial_curves, eino_curves_04, eino_curves_02, worms_lemuel
D:9:      layout_layer_cave, uniq_erica
D:10:     layout_basic, nicolae_uskayaw_suspiria, erik_lair_orcish_takeover,
          david_orc_5
D:11:     layout_basic, minmay_misc_feat_tiny

Skill      XL: |  1  2  3  4  5  6  7  8  9 10 |
---------------+-------------------------------+-----
Fighting       | 4 5 6 8 9 |  9.2
Axes           | 4 5 6 7 9 11 13 | 13.5
Armour         | 3 4 6 8 9 11 | 11.8
Dodging        | 3 4 5 |  5.1
Shields        | 1 2 3 4 |  4.3
Throwing       | |  0.3

Action                     |  1- 3 |  4- 6 |  7- 9 | 10-12 || total
---------------------------+-------+-------+-------+-------++-------
  Melee: Hand axe          |    58 |    22 |       |       ||    80
         Headbutt          |     7 |    13 |    33 |    34 ||    87
         War axe           |       |    88 |   234 |   157 ||   479
         Punch             |       |     1 |     1 |     1 ||     3
  Throw: Javelin           |    22 |     2 |     2 |       ||    26
         Boomerang         |       |       |    24 |       ||    24
         Throwing net      |       |       |     1 |       ||     1
 Invoke: Trog's Hand       |       |     3 |     7 |     8 ||    18
         Berserk           |       |     1 |     1 |     4 ||     6
    Use: Scroll            |       |    10 |     1 |     1 ||    12
   Stab: Sleeping          |     1 |       |       |       ||     1
 Armour: Animal skin       |    30 |    28 |       |       ||    58
         Scale mail        |       |    58 |    14 |       ||    72
         Chain mail        |       |       |   119 |     4 ||   123
         Plate armour      |       |       |       |   128 ||   128
  Dodge: Dodged            |    40 |    66 |   160 |    85 ||   351
  Block: Other             |     5 |    40 |    42 |    31 ||   118
         Reflection        |       |     3 |     5 |     1 ||     9
